 Dungeon Crawl Stone Soup version 0.27-a0-1416-g941b2bd30b (webtiles) character file.

Game seed: 4656497775400891265

14653 olmar the Blocker (level 12, -9/96 HPs)
             Began as a Barachi Fighter on Apr 20, 2021.
             Was a Priest of Makhleb.
             Mangled by a large slime creature (33 damage)
             ... on level 12 of the Dungeon on July 1, 2021.
             The game lasted 00:18:11 (10345 turns).

olmar the Blocker (Barachi Fighter)                Turns: 10345, Time: 00:18:12

Health: -9/96      AC: 17    Str: 23    XL:     12   Next: 18%
Magic:  16/16      EV:  6    Int:  9    God:    Makhleb [***...]
Gold:   691        SH: 23    Dex: 11    Spells: 11/11 levels left

rFire    . . .     SeeInvis +   a - +0 long sword
rCold    . . .     Faith    .   C - +0 tower shield
rNeg     + . .     Spirit   .   k - +0 chain mail
rPois    .         Reflect  +   o - +2 helmet
rElec    .         Harm     .   w - +0 cloak
rCorr    .         Rampage  .   (no gloves)
Will     .....                  (no boots)
Stlth    ..........             D - amulet of reflection
HPRegen  0.26/turn              f - ring of see invisible
MPRegen  0.15/turn              p - ring of positive energy

@: slow
A: amphibious, slowness 1, strong legs 1, +LOS, sturdy frame 1
a: Hop, Renounce Religion, Minor Destruction, Lesser Servant of Makhleb


You were on level 12 of the Dungeon.
You worshipped Makhleb.
Makhleb was most pleased with you.
You visited 1 branch of the dungeon, and saw 12 of its levels.

You collected 691 gold pieces.

Inventory:

Hand Weapons
 a - a +0 long sword (weapon)
Missiles
 I - a curare-tipped dart
Armour
 c - a +0 kite shield
 k - a +0 chain mail (worn)
 o - a +2 helmet (worn)
 w - a +0 cloak (worn)
 C - a +0 tower shield (worn)
Jewellery
 d - a ring of wizardry
 f - a ring of see invisible (left hand)
 h - an amulet of regeneration
 p - a ring of positive energy (right hand)
 q - a +4 ring of protection
 x - a +4 ring of protection
 D - an amulet of reflection (around neck)
 G - a ring of poison resistance
Wands
 t - a wand of polymorph (3)
Scrolls
 b - a scroll of brand weapon {unknown}
 e - 5 scrolls of identify
 g - 3 scrolls of immolation {unknown}
 i - a scroll of blinking {unknown}
 l - a scroll of fog {unknown}
 n - 2 scrolls of magic mapping {unknown}
 s - 2 scrolls of teleportation {unknown}
 u - 4 scrolls of enchant weapon {unknown}
 v - a scroll of torment {unknown}
 y - 2 scrolls of noise {unknown}
 F - 2 scrolls of vulnerability {unknown}
 J - 2 scrolls of summoning {unknown}
Potions
 j - 4 potions of attraction
 r - 2 potions of lignification {unknown}
 z - a potion of brilliance {unknown}
 B - 2 potions of invisibility
 E - a potion of magic {unknown}
 H - a potion of berserk rage {unknown}


   Skills:
 + Level 9.5 Fighting
 + Level 11.3 Long Blades
 + Level 11.1 Armour
 + Level 1.5 Stealth
 + Level 11.7 Shields
 + Level 5.4 Invocations
 + Level 0.6 Evocations


You had 11 spell levels left.
You didn't know any spells.
Your spell library contained the following spells:

 Spells                   Type           Power      Damage    Failure   Level
 Magic Dart               Conj           0%         1d3       100%        1
 Summon Small Mammal      Summ           0%         N/A       100%        1
 Call Imp                 Summ           0%         N/A       100%        2
 Searing Ray              Conj           0%         3d3       100%        2
 Call Canine Familiar     Summ           0%         N/A       100%        3
 Dazzling Flash           Conj/Hex       0%         N/A       100%        3
 Summon Guardian Golem    Hex/Summ       0%         N/A       100%        3
 Fulminant Prism          Conj/Hex       0%         3d6       100%        4
 Iskenderun's Mystic Bla  Conj/Tloc      0%         2d3       100%        4
 Summon Ice Beast         Ice/Summ       0%         N/A       100%        4
 Summon Lightning Spire   Summ/Air       0%         N/A       100%        4


Dungeon Overview and Level Annotations

Branches:
Dungeon (12/15)            Temple (0/1) D:6            Lair (0/6) D:9
    Orc (0/2) D:9

Altars:
Cheibriados
Dithmenos
Elyvilon
Fedhas
Hepliaklqana
Makhleb
Nemelex Xobeh
Okawaru
Qazlal
Ru
Sif Muna
Trog
Uskayaw
Wu Jian
Zin


Innate Abilities, Weirdness & Mutations

You are amphibious.
You cover ground slowly.
You can hop short distances.
You have an extended range of vision and can be seen from far away.
Your movements are slightly less encumbered by armour. (ER -2)


Message History

Found 14 gold pieces.
Unknown command.
The slime creature hits you.
You block the large slime creature's attack.
Unknown command.
The slime creature hits you but does no damage.
The large slime creature hits you.
Unknown command.
You block the basilisk's attack.
The slime creature hits you but does no damage.
You block the slime creature's attack. x2
You block the large slime creature's attack.
Unknown command.
You block the basilisk's attack.
You block the slime creature's attack. x2
The slime creature hits you.
The large slime creature barely misses you.
Unknown command.
You block the basilisk's attack. You block the slime creature's attack.
The slime creature hits you but does no damage.
You block the slime creature's attack.
You block the large slime creature's attack.
You block the basilisk's attack.
The slime creature hits you but does no damage.
You block the slime creature's attack. x2
The large slime creature barely misses you.
You riposte.
You slash the large slime creature!
The large slime creature is lightly wounded.
You block the basilisk's attack.
The slime creature completely misses you.
You riposte.
You hit the slime creature.
The slime creature is lightly wounded.
You block the slime creature's attack. The slime creature barely misses you.
You riposte.
You barely miss the slime creature. The large slime creature hits you!!
You block the basilisk's attack. You block the slime creature's attack.
The slime creature hits you but does no damage.
The slime creature hits you!
* * * LOW HITPOINT WARNING * * *
The large slime creature hits you!!
You die...

.....≈# .###....≈#
.......≈# .# ......≈# ≈..
#....≈#####≈..
##....≈≈≈≈≈≈≈.# ..
#.............#
..#####.....J?.....#
...........@J.......
#.........lJJ......$ #...
##............#..... #..#
#...).....=...#.....
...###......###.......>..
...#.. #......###..#....
..>..# ##....####..# ##.
.....#####..........#
........#........#..#


You could see a large slime creature, 3 slime creatures and a basilisk.

Vanquished Creatures
  Josephine (D:11)
  A cyclops (D:11)
  A troll (D:11)
  2 meliai zombies
  2 wyverns
  2 shadows
  3 yaks (D:11)
  A steam dragon (D:11)
  5 wraiths
  A warg (D:9)
  2 water moccasins
  4 ice beasts
  2 black bears (D:4)
  An orc warrior (D:9)
  A sky beast (D:4)
  3 necrophages
  An ogre (D:4)
  4 centaurs
  3 bullfrogs
  A scorpion (D:4)
  A wyvern skeleton (D:2)
  5 killer bees
  2 howler monkeys (D:7)
  2 wights (D:8)
  2 centaur zombies
  2 lava snakes (D:10)
  A gnoll shaman (D:6)
  7 hounds
  6 orc priests
  Jessica (D:3)
  3 iguanas
  Natasha (thrice) (D:3)
  2 orc wizards
  A scorpion zombie (D:5)
  A hound zombie (D:5)
  Robin (D:2)
  10 adders
  3 gnolls (D:6)
  A shadow imp (D:4)
  An ufetubus (D:4)
  3 worms
  A dart slug (D:4)
  10 orcs
  7 bats
  7 endoplasms
  A giant cockroach (D:4)
  11 goblins
  9 hobgoblins
  4 jackals
  11 kobolds
  5 quokkas
  10 ball pythons
  A frilled lizard (D:2)
  4 rats
180 creatures vanquished.

Vanquished Creatures (collateral kills)
  A boulder beetle (D:11)
  Pikel (D:6)
  A troll (D:7)
  2 wargs (D:9)
  An orc warrior (D:8)
  A lemure (D:6)
  2 kobold brigands
  A scorpion (D:7)
  4 killer bees (D:9)
  6 wights (D:8)
  2 hounds (D:6)
  A jelly (D:6)
  2 orc priests (D:6)
  An orc wizard (D:6)
  6 orcs
  7 kobolds
39 creatures vanquished.

Vanquished Creatures (others)
  2 orc wizards (D:9)
2 creatures vanquished.

Grand Total: 221 creatures vanquished

Notes
Turn   | Place    | Note
-------+----------+-------------------------------------------
     0 | D:1      | olmar the Barachi Fighter began the quest for the Orb.
     0 | D:1      | Reached XP level 1. HP: 18/18 MP: 1/1
   251 | D:1      | Reached XP level 2. HP: 21/25 MP: 2/2
  1225 | D:1      | Reached XP level 3. HP: 30/30 MP: 3/3
  1638 | D:2      | Found a faded altar of an unknown god.
  1675 | D:2      | Became a worshipper of Makhleb the Destroyer
  1675 | D:2      | Reached * piety under Makhleb
  1776 | D:2      | Reached XP level 4. HP: 37/37 MP: 4/4
  1791 | D:2      | Found a white marble altar of Elyvilon.
  1956 | D:2      | Noticed Robin
  1966 | D:2      | Killed Robin
  2024 | D:2      | Reached XP level 5. HP: 43/43 MP: 5/5
  2247 | D:3      | Reached skill level 5 in Armour
  2254 | D:3      | Reached ** piety under Makhleb
  2305 | D:3      | Noticed Jessica
  2313 | D:3      | Found a shimmering blue altar of Sif Muna.
  2315 | D:3      | Killed Jessica
  2452 | D:3      | Found an iron altar of Okawaru.
  2465 | D:3      | Found a sacrificial altar of Ru.
  2465 | D:3      | Noticed Natasha
  2474 | D:3      | Killed Natasha
  2475 | D:3      | Reached XP level 6. HP: 39/49 MP: 6/6
  2523 | D:3      | Noticed Natasha
  2528 | D:3      | Killed Natasha
  2609 | D:3      | Noticed Natasha
  2620 | D:3      | Killed Natasha
  2810 | D:4      | Noticed a black bear
  2831 | D:4      | Killed a black bear
  2832 | D:4      | Reached skill level 5 in Long Blades
  2868 | D:4      | Reached XP level 7. HP: 55/55 MP: 7/7
  2877 | D:4      | Reached skill level 5 in Fighting
  3030 | D:4      | Found an ornate altar of the Wu Jian Council.
  3049 | D:4      | Reached skill level 5 in Shields
  3166 | D:4      | Reached skill level 1 in Invocations
  3419 | D:4      | Reached XP level 8. HP: 62/62 MP: 9/9
  3610 | D:4      | Reached *** piety under Makhleb
  3810 | D:4      | Found a hazy altar of Hepliaklqana.
  3832 | D:5      | Entered Level 5 of the Dungeon
  4057 | D:5      | Found Zin's Purification Station.
  4062 | D:5      | Found a glowing silver altar of Zin.
  4319 | D:5      | Found a stormy altar of Qazlal.
  4841 | D:6      | Found a staircase to the Ecumenical Temple.
  4934 | D:6      | Reached XP level 9. HP: 63/69 MP: 11/11
  4997 | D:6      | Found a blossoming altar of Fedhas.
  5040 | D:6      | Found a stormy altar of Qazlal.
  5318 | D:6      | Noticed Pikel
  5331 | D:6      | Killed Pikel
  5737 | D:7      | Noticed a troll
  5752 | D:7      | Killed a troll
  7042 | D:9      | Found a staircase to the Orcish Mines.
  7042 | D:9      | Found a hide-covered altar of Uskayaw.
  7054 | D:9      | Reached XP level 10. HP: 49/79 MP: 12/12
  7065 | D:9      | Reached skill level 1 in Stealth
  7219 | D:9      | Found a staircase to the Lair.
  7407 | D:10     | Entered Level 10 of the Dungeon
  7683 | D:9      | Found a shadowy altar of Dithmenos.
  7734 | D:9      | Found a bloodstained altar of Trog.
  8040 | D:10     | Found a snail-covered altar of Cheibriados.
  8209 | D:10     | Found a sparkling altar of Nemelex Xobeh.
  8681 | D:11     | Noticed a cyclops
  8684 | D:11     | Gained mutation: Your movements are slightly less
                  | encumbered by armour. (ER -2) [a neqoxec]
  8692 | D:11     | Killed a cyclops
  8867 | D:11     | Noticed a boulder beetle
  8910 | D:11     | Killed a boulder beetle
  9408 | D:11     | Reached skill level 10 in Shields
  9451 | D:11     | Reached skill level 10 in Armour
  9662 | D:11     | Reached skill level 10 in Long Blades
  9867 | D:11     | Reached XP level 11. HP: 74/86 MP: 13/13
  9895 | D:11     | Noticed Josephine
  9897 | D:11     | Reached skill level 5 in Invocations
  9897 | D:11     | Reached XP level 12. HP: 10/95 MP: 13/16
  9922 | D:11     | Killed Josephine
 10277 | D:11     | Upgraded the game from 0.27-a0-1051-g288ea87c7c to
                  | 0.27-a0-1416-g941b2bd30b
 10345 | D:12     | Mangled by a large slime creature

Illustrated notes

Levels and vault maps discovered:
D:1:      dpeg_arrival_connections, layout_loops_ring
D:2:      layout_loops_cross, shapermc_ecumenical_altar_notcrosses, basic_altar,
          kennysheep_generic_room_9, uniq_robin
D:3:      layout_rooms, tgw_sif, amethyst_overflow_temple_binary,
          minmay_misc_feat_tower, minmay_fountain_box, uniq_natasha
D:4:      layout_basic, general_overflow_altar,
          nicolae_wu_jian_immortal_techniques
D:5:      layout_basic, zin_purify, lemuel_crystal_altar
D:6:      layout_loops_ring, minmay_temple_entry_statues_fountains,
          hangedman_feature_mirror, grunt_ministairs_2, uniq_pikel
D:7:      layout_basic
D:8:      layout_loops_corners
D:9:      layout_loops_ring, nicolae_uskayaw_suspiria,
          nicolae_overflow_crystal_walls, kennysheep_mini, lair_entry_dummy,
          minmay_orc_entry_guard_dogs
D:10:     layout_rooms, lemuel_coloured_pillars_altar,
          nicolae_overflow_hidden_temple, kennysheep_little_box,
          grunt_decor_junction
D:11:     layout_loops_ring, hangedman_abyss_or_decor_stabs, uniq_josephine
D:12:     layout_cave_pools, enter_bailey_3, item_on_display_a

Skill      XL: |  1  2  3  4  5  6  7  8  9 10 11 |
---------------+----------------------------------+-----
Armour         | 4 5 6 7 8 10 11 | 11.1
Fighting       | 4 5 6 7 9 |  9.5
Long Blades    | 3 4 5 6 7 9 10 11 | 11.3
Shields        | 4 5 6 8 10 11 | 11.7
Invocations    | 1 3 5 |  5.4
Stealth        | 1 |  1.5
Evocations     | |  0.6

Action                   |  1- 3 |  4- 6 |  7- 9 | 10-12 || total
-------------------------+-------+-------+-------+-------++-------
Melee: Long sword        |   111 |   158 |   399 |   386 ||  1054
Invok: Minor Destruction |       |     2 |    26 |    10 ||    38
       Lesser Servant of |       |       |     9 |     7 ||    16
 Abil: Hop               |       |       |     2 |     4 ||     6
Evoke: Wand              |       |       |       |     7 ||     7
  Use: Scroll            |       |       |     1 |       ||     1
       Potion            |       |       |       |     9 ||     9
 Stab: Invisible         |       |       |       |     2 ||     2
       Paralysed         |       |       |       |     2 ||     2
       Distracted        |       |       |       |     2 ||     2
Armor: Scale mail        |    54 |       |       |       ||    54
       Chain mail        |    26 |   179 |   232 |   206 ||   643
Dodge: Dodged            |    41 |    45 |    80 |    80 ||   246
Block: Kite shield       |    61 |   123 |    79 |       ||   263
       Tower shield      |       |       |   274 |   534 ||   808
       Reflection        |       |       |       |     4 ||     4
       Rpst.: Long sword |    13 |    10 |    24 |    18 ||    65

Table legend: (Time is in decaauts)
 A = Elapsed time spent in this place.
 B = Non-inter-level travel time spent in this place.
 C = Inter-level travel time spent in this place.
 D = Time resting spent in this place.
 E = Time spent auto-exploring this place.
 F = Levels seen in this place.
 G = Mean time per level.
                   A        B        C        D        E       F      G
               +--------+--------+--------+--------+--------+-----+--------+
         Total |  12040 |  11634 |    406 |    409 |   9046 |  12 | 1003.3 |
       Dungeon |  12040 |  11634 |    406 |    409 |   9046 |  12 | 1003.3 |
               +--------+--------+--------+--------+--------+-----+--------+

Top non-repeatable levels by time:
    D:11: 1740 daAuts
     D:1: 1532 daAuts
     D:4: 1282 daAuts
     D:5: 1143 daAuts
     D:8: 1034 daAuts
     D:2: 1022 daAuts
     D:6: 1004 daAuts
    D:10: 953 daAuts
     D:9: 937 daAuts
     D:7: 666 daAuts
     D:3: 660 daAuts
    D:12: 62 daAuts
